Map: 얼어붙은 사원

Players

가온나래 - Winner!

  • Race: Terran Terran
  • League: Platinum

BusterAce

  • Race: Protoss Protoss
  • League: Platinum

VOD

Have the link to the VOD?

Description

Time

  • Played on: July 3, 2016, 5:30 a.m.
  • Length: 18:29
Show
View Real Time Build Order
Export as new Build Order

가온나래 Terran - Winner!

Build Orders: MMM Bio 

Get SALT Encoding   

  12  0:00  SCV  
  13  0:12  SCV  
  14  0:17  Supply Depot  
  14  0:25  SCV  
  15  0:39  SCV  
  15  0:40  Barracks  
  16  0:45  Refinery  
  16  0:51  SCV  
  17  1:06  SCV  
  18  1:18  SCV  
  19  1:28  Barracks Reactor  
  19  1:30  Orbital Command  
  19  1:45  Command Center  
  19  1:59  SCV  
  20  2:07  Marine  
  21  2:11  SCV  
  22  2:15  Factory  
  22  2:22  Supply Depot  
  22  2:28  Marine  
  23  2:37  Barracks  
  23  2:44  SCV, Marine  
  25  2:48  Marine  
  26  2:56  SCV  
  26  2:59  Factory Tech Lab  
  26  3:00  Orbital Command  
  26  3:01  Marine  
  26  3:04  Starport  
  27  3:06  Marine  
  28  3:15  SCV  
  28  3:18  Supply Depot  
  29  3:22  Engineering Bay  
  29  3:26  Barracks Tech Lab  
  29  3:27  Marine  
  29  3:28  Marine  
  31  3:36  SCV  
  31  3:41  Refinery  
  32  3:45  Marine  
  32  3:46  Siege Tank  
  36  3:50  Marine  
  36  3:52  SCV  
  36  3:53  SCV  
  39  4:00  Supply Depot  
  39  4:04  SCV, Marine  
  41  4:13  Marine x2  
  41  4:16  Stimpack, SCV  
  44  4:27  Starport Reactor  
  44  4:32  SCV  
  44  4:36  SCV  
  44  4:38  Command Center  
  46  4:42  Refinery  
  46  4:43  Marine  
  47  4:48  SCV  
  47  4:49  Cyclone  
  52  4:53  Refinery  
  52  4:57  Barracks  
  52  5:01  SCV  
  52  5:05  Supply Depot  
  52  5:06  Terran Infantry Weapons Level 1  
  53  5:13  SCV, Marine x2  
  56  5:18  SCV  
  57  5:23  Missile Turret  
  57  5:25  SCV  
  57  5:26  Missile Turret  
  58  5:32  Armory  
  58  5:35  Engineering Bay, Medivac  
  60  5:47  Marine x2  
  61  6:01  Factory Reactor  
  61  6:09  Marine  
  61  6:10  Marine  
  59  6:22  Orbital Command  
  59  6:24  Combat Shields  
  63  6:25  Marauder  
  63  6:26  Marauder, Medivac  
  63  6:27  Marine x2  
  63  6:28  SCV, Medivac  
  70  6:38  SCV  
  71  6:41  SCV  
  74  6:47  Marauder  
  74  6:49  Orbital Command  
  74  6:50  SCV, Marine  
  74  6:51  Marauder, Marine  
  74  6:53  SCV  
  80  6:54  Widow Mine  
  80  6:56  Refinery  
  81  7:02  SCV  
  81  7:05  SCV  
  84  7:08  Marauder  
  84  7:15  Marauder  
  85  7:16  SCV  
  81  7:23  Marine x2  
  81  7:30  Marauder  
  81  7:35  Marine  
  66  7:41  Marine x2  
  57  7:50  Marine  
  50  7:53  Marine  
  51  7:59  Marine x2  
  50  8:08  Marine  
  50  8:10  Widow Mine x2  
  50  8:11  Marine  
  54  8:17  Marine x2  
  46  8:26  Marine  
  47  8:29  Marine  
  43  8:35  Marine x2  
  38  8:44  Marine  
  38  8:47  Marine  
  38  8:48  SCV  
  41  8:50  SCV  
  41  8:52  Marine  
  41  8:53  SCV, Marine  
  44  9:00  SCV  
  44  9:02  Marine  
  46  9:03  SCV  
  46  9:04  Marine  
  46  9:05  SCV, Refinery  
  49  9:10  Marine x2  
  49  9:12  SCV  
  49  9:13  Terran Infantry Armor Level 1  
  49  9:15  SCV  
  53  9:17  SCV  
  53  9:19  Marine  
  53  9:22  Marine  
  56  9:24  SCV  
  56  9:25  Liberator  
  56  9:26  Terran Infantry Weapons Level 2  
  56  9:27  SCV, Barracks  
  56  9:28  Marine x2  
  56  9:29  SCV  
  61  9:36  SCV  
  61  9:38  Marauder  
  64  9:39  SCV, Missile Turret, Widow Mine x2  
  64  9:40  Marine  
  64  9:41  Medivac  
  64  9:42  SCV  
  76  9:46  Marine  
  76  9:48  SCV  
  76  9:50  Marine  
  76  9:51  SCV  
  80  9:56  Barracks  
  80  9:58  Marine  
  80  9:59  Marine  
  81  10:00  SCV  
  81  10:01  Concussive Shells  
  81  10:03  SCV  
  83  10:08  Marine  
  83  10:12  SCV  
  77  10:16  Marauder  
  77  10:17  Marauder  
  70  10:23  Marine x2  
  70  10:24  SCV  
  70  10:26  Marine  
  68  10:34  Widow Mine  
  68  10:35  Widow Mine  
  71  10:36  SCV  
  71  10:38  Marauder x2  
  71  10:41  Marine x2  
  71  10:42  Medivac  
  80  10:44  Marine  
  80  10:46  Barracks Reactor  
  80  10:49  SCV  
  82  10:53  SCV  
  82  10:55  SCV  
  84  10:58  Marine  
  85  11:04  Supply Depot  
  85  11:07  Supply Depot  
  85  11:23  Supply Depot  
  85  11:24  Barracks  
  85  11:25  Widow Mine, Marine x4  
  85  11:26  SCV x2  
  85  11:27  Supply Depot  
  85  11:28  Widow Mine, Barracks  
  85  11:29  SCV, Marine  
  97  11:34  Marine x2  
  97  11:38  SCV x2  
  101  11:44  Marine x4  
  101  11:45  SCV, Supply Depot  
  101  11:47  Marine  
  106  11:49  Supply Depot  
  106  11:50  SCV x2  
  106  11:53  Terran Infantry Weapons Level 3  
  109  11:57  SCV  
  110  12:02  SCV, Marine x4  
  110  12:04  Marine  
  108  12:21  Marauder x2  
  108  12:22  SCV  
  113  12:24  Liberator x2  
  113  12:25  SCV x2  
  115  12:32  Missile Turret  
  115  12:34  SCV  
  116  12:43  Marine  
  116  12:44  Marauder, Barracks Tech Lab, Marine x2  
  124  12:45  Marauder  
  124  12:46  SCV  
  130  12:52  Command Center  
  130  12:53  Missile Turret  
  130  12:58  SCV  
  131  12:59  Marine  
  131  13:01  Marine  
  131  13:04  Ghost Academy  
  133  13:07  Barracks Tech Lab  
  133  13:08  Barracks Reactor  
  133  13:10  Starport  
  133  13:12  Supply Depot  
  133  13:13  Missile Turret  
  133  13:16  Supply Depot  
  133  13:17  Liberator  
  133  13:34  Marauder x2, Marine  
  133  13:37  Marine  
  113  14:18  Marine x5  
  113  14:19  Marine x2  
  103  14:29  Ghost  
  103  14:30  Marine x2  
  101  14:32  Personal Cloaking  
  101  14:36  Marine x6  
  101  14:37  Marauder  
  101  14:38  Planetary Fortress  
  109  14:45  Refinery  
  109  14:46  Refinery  
  109  14:47  Widow Mine x2, Supply Depot  
  109  14:49  Marauder x2  
  117  14:54  Marine x3  
  117  14:58  Marauder  
  121  15:06  Marauder  
  121  15:16  Widow Mine x2  
  122  15:40  Refinery  
  122  15:41  Marine  
  122  15:42  Refinery, Marine x5  
  130  15:43  Marauder  
  130  15:44  Widow Mine x2  
  130  15:45  Terran Infantry Armor Level 2  
  130  15:47  Terran Vehicle And Ship Armor Level 1  
  134  16:05  Ghost  
  134  16:06  Ghost x3  
  133  16:21  Widow Mine x2  
  133  16:22  Marine  
  133  16:23  Marine x4  
  133  16:24  Marine  
  142  16:34  Ghost x2  
  142  16:35  Marauder x2  
  148  16:40  Marine  
  148  16:46  Marine x3  
  152  16:50  Widow Mine  
  152  16:51  Starport Reactor  
  152  16:53  Medivac  
  152  16:54  Medivac  
  158  16:56  Marauder  
  158  16:57  Marauder  
  162  17:03  Marauder  
  164  17:16  Supply Depot  
  164  17:19  Supply Depot  
  164  17:20  Supply Depot  
  164  17:36  Supply Depot  
  164  17:38  Marauder x2, Marine x4  
  164  17:40  Marauder, Viking x2, Marine  
Show
View Real Time Build Order
Export as new Build Order

BusterAce Protoss 

Build Orders: 1 Gate Expand, Blink Stalkers 

Get SALT Encoding   

  12  0:01  Probe (Chrono Boost)  
  13  0:11  Probe (Chrono Boost)  
  14  0:18  Pylon  
  14  0:22  Probe (Chrono Boost)  
  15  0:28  Assimilator  
  15  0:36  Probe (Chrono Boost)  
  16  0:43  Gateway  
  16  0:47  Probe (Chrono Boost)  
  17  0:58  Probe (Chrono Boost)  
  18  1:08  Probe (Chrono Boost)  
  19  1:21  Nexus  
  20  1:31  Cybernetics Core  
  19  1:35  Probe (Chrono Boost)  
  20  1:41  Assimilator  
  20  1:46  Probe (Chrono Boost)  
  21  1:56  Pylon  
  21  1:57  Probe (Chrono Boost)  
  22  2:05  Assimilator  
  22  2:14  Stalker (Chrono Boost)  
  22  2:15  Mothership Core (Chrono Boost)  
  26  2:20  Warp Gate (Chrono Boost)  
  25  2:33  Probe  
  25  2:35  Probe  
  27  2:43  Probe  
  27  2:48  Probe  
  29  2:52  Robotics Facility  
  29  2:54  Probe  
  30  3:00  Probe  
  30  3:04  Probe  
  31  3:12  Assimilator, Probe  
  33  3:15  Probe  
  33  3:16  Twilight Council  
  34  3:24  Probe  
  34  3:25  Probe  
  35  3:28  Pylon  
  35  3:33  Stalker  
  38  3:37  Probe  
  38  3:38  Probe  
  38  3:40  Observer  
  41  3:50  Probe  
  41  3:51  Blink (Chrono Boost)  
  42  3:57  Gateway  
  42  4:02  Observer  
  43  4:05  Probe  
  43  4:08  Probe  
  45  4:13  Pylon  
  45  4:16  Pylon, Probe  
  45  4:20  Pylon, Probe  
  47  4:25  Observer  
  48  4:40  Gateway  
  48  4:41  Gateway  
  48  4:47  Immortal (Chrono Boost)  
  52  4:55  Gateway  
  52  5:00  Gateway  
  52  5:12  Pylon  
  52  5:23  Immortal (Chrono Boost)  
  56  5:33  Nexus  
  56  5:36  Resonating Glaives, Forge  
  56  5:43  Adept x4  
  64  5:53  Adept  
  64  5:56  Warp Prism (Chrono Boost), Probe  
  69  5:57  Probe  
  70  6:09  Probe  
  71  6:21  Adept  
  71  6:22  Adept x3  
  71  6:23  Adept x2  
  83  6:45  Immortal (Chrono Boost)  
  87  6:52  Adept  
  87  6:53  Adept x4  
  79  7:30  Adept x2  
  79  7:31  Adept x3  
  79  7:32  Adept  
  69  8:08  Adept x2  
  69  8:09  Adept x2  
  69  8:10  Adept  
  69  8:11  Adept  
  61  8:48  Adept x4  
  61  8:49  Adept x2  
  61  8:52  Immortal (Chrono Boost)  
  71  8:56  Probe  
  71  8:57  Probe x2  
  74  9:04  Protoss Ground Armor Level 1  
  74  9:06  Probe  
  74  9:09  Probe x2  
  77  9:10  Forge  
  77  9:13  Adept  
  77  9:14  Adept x4  
  77  9:15  Adept  
  89  9:17  Probe  
  89  9:21  Probe x2, Pylon  
  89  9:22  Assimilator  
  89  9:23  Pylon  
  92  9:26  Immortal (Chrono Boost)  
  92  9:27  Probe, Assimilator  
  97  9:33  Probe  
  97  9:34  Probe  
  99  9:49  Robotics Facility  
  99  9:50  Gateway  
  99  9:51  Gateway  
  99  9:54  Gateway  
  99  9:57  Assimilator  
  99  9:59  Warp Prism (Chrono Boost)  
  76  10:45  Pylon  
  76  10:47  Pylon  
  76  10:51  Photon Cannon  
  76  10:55  Photon Cannon  
  76  10:58  Photon Cannon  
  76  11:09  Adept  
  76  11:10  Adept x5  
  88  11:17  Immortal (Chrono Boost)  
  88  11:18  Immortal (Chrono Boost), Nexus  
  96  11:24  Adept x3  
  102  11:52  Immortal x2 (Chrono Boost)  
  110  11:56  Adept  
  110  11:57  Adept x4  
  110  11:58  Adept x3  
  110  11:59  Adept  
  111  12:19  Adept x2  
  111  12:20  Adept x4  
  111  12:21  Protoss Ground Armor Level 2 (Chrono Boost), Protoss Ground Weapons Level 1 (Chrono Boost)  
  119  12:24  Immortal  
  119  12:26  Adept x2  
  119  12:27  Adept  
  119  12:28  Immortal  
  133  12:33  Pylon  
  133  12:38  Probe x3  
  133  12:42  Pylon  
  136  13:01  Observer  
  137  13:07  Observer  
  137  13:08  Photon Cannon  
  137  13:10  Probe  
  140  13:12  Probe  
  140  13:13  Probe  
  140  13:14  Probe  
  140  13:16  Photon Cannon  
  140  13:19  Observer  
  142  13:20  Photon Cannon  
  142  13:21  Probe  
  142  13:23  Templar Archives  
  142  13:25  Probe  
  145  13:29  Immortal, Pylon  
  145  13:31  Pylon  
  145  13:32  Pylon  
  145  13:33  Probe  
  149  13:34  Probe  
  149  13:35  Probe  
  149  13:37  Probe  
  153  13:43  Probe  
  153  13:45  Observer  
  155  13:56  Assimilator  
  155  13:58  Assimilator  
  155  14:00  Photon Cannon  
  150  14:06  Observer  
  150  14:08  Immortal  
  153  14:16  Stalker x4  
  153  14:17  Stalker x2  
  129  14:22  Stalker  
  121  14:33  Adept x2  
  125  14:45  Nexus  
  125  14:46  Adept  
  125  14:47  High Templar  
  125  14:48  High Templar  
  96  15:31  Adept x3  
  96  15:32  Adept x4  
  96  15:33  Adept x2  
  100  15:36  Probe  
  101  15:43  Photon Cannon  
  101  15:46  Probe  
  102  15:57  Probe  
  103  16:04  Archon  
  103  16:07  Probe  
  68  16:34  High Templar x5  
  68  16:35  High Templar x3  
  68  16:36  High Templar  
  86  16:52  Psionic Storm  
  86  17:19  Nexus  
  86  17:21  Pylon  
  86  17:22  Pylon  
  86  17:24  Pylon  
  86  17:29  Archon  
  86  17:30  Archon x3  
  86  17:32  High Templar  
  86  17:33  Adept  
  86  17:34  Adept x4  
  86  17:35  Stalker  
  86  17:36  Stalker x2  
  104  17:39  Archon  
  95  18:02  High Templar  
  95  18:03  High Templar x3  
  100  18:11  Nexus  
Tags
 
Add a new tag
Caveats
  • Supply blocks, unpowered buildings, or Contaminate may cause inaccurate times.
  • Supply counts are checked every 10 seconds.